Map: Frostline LE

Players

bickel

  • Race: Zerg Zerg
  • Spawn Location: 1:00

GangusKaun - Winner!

  • Race: Protoss Protoss
  • League: Gold
  • Spawn Location: 7:00

VOD

Have the link to the VOD?

Description

Time

  • Played on: Dec. 6, 2024, 4:48 a.m.
  • Length: 31:31
Show
View Real Time Build Order
Export as new Build Order

bickel Zerg 

Build Orders: Hatch First 

Get SALT Encoding   

  12  0:00  Drone  
  13  0:12  Overlord  
  13  0:16  Drone  
  14  0:30  Drone x2  
  14  0:34  Drone  
  17  0:52  Hatchery  
  17  0:55  Drone  
  17  0:56  Drone  
  18  1:13  Spawning Pool  
  18  1:14  Drone  
  18  1:27  Overlord, Extractor  
  18  1:28  Drone  
  18  1:38  Drone  
  19  1:54  Overlord  
  19  2:00  Drone  
  20  2:02  Hatchery  
  19  2:11  Queen  
  19  2:14  Drone  
  22  2:19  Drone  
  23  2:25  Drone  
  24  2:30  Drone x2  
  24  2:36  Drone  
  27  2:38  Drone  
  27  2:43  Drone  
  29  2:47  Queen  
  31  2:53  Drone  
  32  3:05  Lair  
  32  3:10  Drone x2, Extractor  
  33  3:13  Drone x2  
  33  3:15  Queen  
  33  3:18  Overlord  
  37  3:20  Drone  
  37  3:22  Drone  
  39  3:29  Drone x2  
  41  3:35  Drone x4  
  45  3:41  Metabolic Boost  
  45  3:46  Drone x3  
  48  3:53  Drone x3  
  48  3:54  Extractor  
  50  4:02  Drone x5  
  55  4:05  Overlord  
  55  4:09  Pneumatized Carapace  
  55  4:14  Drone x3  
  55  4:17  Overlord  
  58  4:23  Hydralisk Den  
  57  4:27  Baneling Nest  
  57  4:29  Drone x2  
  58  4:31  Extractor  
  58  4:33  Drone x4  
  58  4:35  Extractor  
  58  4:38  Extractor  
  59  4:39  Drone x3  
  59  4:41  Drone  
  59  4:42  Drone  
  59  4:44  Drone  
  59  4:45  Drone  
  66  4:53  Hydralisk x2, Muscular Augments  
  70  5:00  Overlord  
  70  5:04  Overseer  
  70  5:08  Hatchery  
  70  5:11  Drone  
  70  5:12  Drone x2  
  72  5:15  Drone  
  72  5:21  Zergling x2, Centrifugal Hooks  
  73  5:22  Zergling x12  
  73  5:23  Evolution Chamber x2  
  73  5:28  Overlord x2  
  78  5:29  Hydralisk  
  78  5:32  Hydralisk  
  82  5:42  Hatchery  
  81  5:47  Queen  
  81  5:49  Queen  
  85  5:57  Zerg Ground Armor Level 1, Zerg Missile Weapons Level 1  
  85  6:01  Grooved Spines, Roach Warren  
  85  6:04  Drone x4  
  87  6:05  Drone  
  87  6:07  Overlord  
  89  6:16  Overlord  
  89  6:17  Hydralisk  
  91  6:18  Zergling x2  
  91  6:19  Zergling x8  
  91  6:20  Baneling  
  91  6:21  Baneling  
  96  6:27  Queen  
  96  6:29  Drone x3  
  96  6:30  Drone x2  
  103  6:34  Hydralisk x2  
  107  6:41  Overlord x2  
  107  6:44  Drone x4  
  107  6:45  Drone  
  112  7:01  Queen  
  112  7:03  Drone x5  
  112  7:04  Drone x4  
  123  7:14  Hatchery  
  122  7:18  Infestation Pit  
  122  7:19  Drone x8  
  129  7:23  Extractor  
  129  7:24  Hydralisk, Extractor  
  129  7:25  Hydralisk x2  
  133  7:37  Overlord  
  133  7:39  Overlord  
  133  7:48  Overlord  
  133  7:51  Drone, Extractor  
  134  7:53  Overlord x2, Extractor  
  132  7:59  Infestor x6  
  132  8:00  Infestor x3  
  132  8:01  Neural Parasite  
  150  8:06  Overlord  
  150  8:07  Overlord x6  
  150  8:08  Zerg Missile Weapons Level 2  
  150  8:13  Zerg Ground Armor Level 2  
  150  8:25  Spore Crawler  
  150  8:26  Drone x2  
  150  8:27  Hydralisk, Spore Crawler  
  150  8:28  Hydralisk x4  
  150  8:29  Hydralisk  
  150  8:30  Zergling x8  
  150  8:31  Zergling x10  
  150  8:33  Zergling x2  
  173  8:34  Zergling x2  
  173  8:38  Hydralisk  
  173  8:39  Hydralisk x2  
  179  8:42  Overseer x2  
  179  8:51  Hydralisk  
  179  8:52  Hydralisk x4  
  179  8:54  Hydralisk  
  191  8:59  Burrow  
  191  9:00  Zergling x2  
  191  9:01  Zergling x12  
  198  9:15  Baneling x13  
  198  9:16  Baneling x5  
  198  9:29  Baneling x8  
  198  9:30  Baneling x7  
  181  10:04  Hydralisk x2  
  181  10:05  Hydralisk x12  
  178  10:19  Hydralisk  
  178  10:20  Hydralisk x12  
  189  10:50  Hydralisk x3  
  189  10:51  Hydralisk x2  
  165  11:51  Hydralisk x7  
  165  11:52  Hydralisk x17  
  189  12:04  Hydralisk x6  
  189  12:28  Hydralisk x9  
  174  12:52  Infestor x9  
  174  12:53  Infestor x3  
  144  13:14  Hydralisk x12  
  166  13:33  Zergling x8  
  166  13:34  Zergling x12  
  176  13:44  Hatchery  
  176  13:46  Hatchery  
  174  13:49  Hatchery  
  174  13:51  Zergling x2  
  174  13:52  Zergling x30  
  189  13:56  Hatchery  
  142  14:45  Nexus  
  142  14:57  Nexus  
  142  15:11  Hydralisk x4  
  142  15:12  Hydralisk x25  
  200  15:30  Overseer x3  
  200  16:23  Probe  
  197  16:31  Probe  
  197  16:41  Probe  
  198  16:53  Probe  
  197  17:05  Probe  
  197  17:17  Probe  
  197  17:19  Pylon x2  
  197  17:20  Pylon x2  
  194  17:29  Probe  
  186  17:41  Probe  
  186  17:43  Gateway  
  182  17:53  Probe  
  178  18:06  Probe  
  177  18:18  Probe  
  143  18:35  Zealot  
  143  18:37  Gateway  
  143  18:41  Gateway  
  141  18:43  Gateway  
  141  18:44  Gateway  
  141  18:47  Gateway  
  139  18:50  Pylon  
  139  18:54  Gateway  
  137  18:57  Pylon  
  137  18:59  Pylon  
  137  19:00  Pylon  
  137  19:02  Zealot  
  135  19:49  Infestor x6  
  135  20:03  Hydralisk x18  
  76  20:52  Zealot  
  76  20:53  Zealot x2  
  76  20:54  Zealot x4  
  72  21:15  Nexus  
  72  21:16  Nexus  
  72  21:19  Zealot  
  74  21:35  Zealot x5  
  82  22:14  Zealot x3  
  82  22:15  Zealot x4  
  71  22:41  Zealot x3  
  71  22:42  Zealot x2  
  70  22:47  Zealot  
  70  22:48  Zealot  
  70  22:49  Pylon, Nexus  
  70  22:50  Assimilator  
  73  22:52  Assimilator, Pylon  
  73  22:53  Pylon  
  73  22:56  Cybernetics Core  
  73  23:08  Zealot x2  
  73  23:09  Zealot x3  
  83  23:15  Zealot x2  
  87  23:35  Drone x3  
  87  23:36  Spine Crawler  
  87  23:38  Nexus  
  87  23:40  Assimilator  
  89  23:41  Assimilator  
  89  23:45  Drone x3  
  92  23:54  Spine Crawler  
  92  23:55  Spine Crawler  
  90  23:57  Spine Crawler x2  
  90  24:01  Spine Crawler x2  
  86  24:03  Spine Crawler  
  75  24:33  Probe  
  76  24:45  Probe  
  77  25:06  Probe  
  77  25:14  Probe  
  79  25:22  Probe x2  
  81  25:30  Probe  
  82  25:39  Probe  
  83  25:57  Drone x2  
  83  25:58  Drone  
  86  26:08  Hydralisk  
  86  26:09  Hydralisk x2  
  92  26:12  Spore Crawler  
  92  26:16  Spore Crawler  
  90  26:20  Spore Crawler  
  90  26:24  Spore Crawler  
  88  26:27  Probe  
  88  26:28  Hydralisk  
  88  26:30  Probe  
  92  27:04  Probe  
  70  27:20  Probe  
  68  27:28  Probe  
  64  27:34  Cybernetics Core  
  65  27:37  Probe  
  66  27:47  Hydralisk x3  
  66  27:48  Hydralisk x2  
  66  27:49  Hydralisk  
  72  28:08  Hydralisk  
  72  28:10  Probe  
  70  28:19  Probe  
  72  28:27  Probe  
  73  28:39  Probe  
  70  28:51  Probe  
  57  29:02  Stalker x2  
  55  29:07  Probe  
  60  29:37  Sentry, Nexus  
  60  29:44  Sentry  
  64  29:53  Sentry  
  64  29:55  Sentry  
  64  29:56  Sentry  
  64  29:57  Sentry  
  70  30:04  Sentry  
  74  30:08  Sentry  
  74  30:12  Sentry  
  78  30:18  Sentry  
  78  30:20  Sentry  
  78  30:48  Sentry  
  78  30:52  Sentry  
  79  30:58  Sentry  
Show
View Real Time Build Order
Export as new Build Order

GangusKaun Protoss - Winner!

Build Orders: 1 Gate Expand 

Get SALT Encoding   

  12  0:00  Probe  
  14  0:14  Probe  
  14  0:23  Pylon  
  14  0:26  Probe  
  15  0:41  Probe  
  16  0:44  Gateway  
  16  0:48  Assimilator  
  16  0:53  Probe  
  17  1:12  Probe  
  18  1:24  Probe  
  19  1:28  Nexus  
  19  1:37  Probe  
  20  1:54  Cybernetics Core  
  20  1:58  Probe  
  21  2:10  Probe  
  21  2:11  Assimilator  
  21  2:14  Pylon  
  22  2:22  Probe  
  23  2:23  Warp Gate  
  23  2:24  Gateway  
  23  2:27  Adept  
  25  2:39  Probe  
  25  2:40  Probe  
  27  2:51  Probe  
  27  2:52  Probe  
  29  3:02  Adept  
  29  3:03  Probe  
  32  3:14  Adept  
  32  3:18  Stargate  
  34  3:20  Probe  
  34  3:21  Probe  
  34  3:26  Assimilator  
  36  3:32  Probe  
  37  3:43  Probe  
  37  3:44  Probe  
  37  3:47  Forge  
  39  3:52  Twilight Council  
  39  3:54  Assimilator  
  39  4:03  Pylon  
  39  4:07  Probe, Pylon  
  39  4:08  Probe  
  41  4:13  Oracle  
  44  4:34  Gateway x2  
  44  4:36  Gateway  
  44  4:40  Probe x2  
  44  4:44  Charge  
  46  4:45  Protoss Ground Weapons Level 1  
  46  4:52  Probe  
  46  4:59  Void Ray  
  51  5:09  Probe x2  
  53  5:18  Nexus  
  53  5:21  Pylon  
  53  5:23  Probe x2  
  53  5:24  Pylon  
  54  5:38  Robotics Facility  
  54  5:42  Robotics Facility  
  54  5:48  Shield Battery  
  54  5:51  Shield Battery  
  54  5:52  Shield Battery  
  54  6:01  Pylon  
  54  6:07  Probe x2  
  56  6:20  Zealot x5  
  56  6:22  Probe  
  56  6:23  Probe  
  68  6:38  Probe x2  
  70  6:41  Probe  
  70  6:46  Immortal x2  
  79  6:50  Probe x2  
  81  6:55  Robotics Bay  
  81  6:58  Pylon  
  81  7:01  Pylon  
  81  7:05  Pylon  
  81  7:10  Pylon  
  81  7:11  Assimilator  
  81  7:29  Probe x2  
  83  7:33  Observer x2  
  85  7:37  Assimilator  
  85  7:47  Gateway  
  85  7:51  Shield Battery  
  85  7:52  Gateway  
  85  7:54  Shield Battery  
  85  7:56  Protoss Ground Weapons Level 2, Stargate x2  
  85  8:02  Pylon  
  85  8:03  Probe x2  
  87  8:07  Colossus x2  
  99  8:14  Blink  
  99  8:22  Protoss Air Weapons Level 1  
  99  8:33  Templar Archives  
  99  8:35  Photon Cannon  
  99  8:37  Photon Cannon  
  99  8:40  Photon Cannon  
  99  8:43  Photon Cannon, Extended Thermal Lance  
  99  8:48  Photon Cannon  
  99  9:00  Observer  
  99  9:01  Observer  
  101  9:06  Photon Cannon  
  100  9:10  Photon Cannon  
  100  9:15  Photon Cannon  
  99  9:18  Photon Cannon  
  99  9:20  High Templar x2  
  99  9:23  Zealot x5  
  113  9:37  Probe x2  
  113  9:39  Colossus  
  113  9:44  Archon  
  95  10:03  Zealot x3  
  95  10:04  Zealot  
  90  10:13  High Templar  
  85  10:20  Zealot x2  
  73  10:30  Colossus  
  67  10:36  Colossus  
  59  10:44  Zealot x2  
  59  10:45  Zealot x2  
  79  10:51  Zealot  
  66  11:05  Photon Cannon  
  66  11:07  Photon Cannon  
  66  11:10  Photon Cannon  
  66  11:11  Shield Battery  
  66  11:15  Shield Battery  
  66  11:16  Stalker  
  66  11:18  Zealot x4  
  50  11:47  Zealot x4  
  48  12:06  Colossus  
  48  12:08  Protoss Shields Level 1  
  44  12:09  Colossus  
  44  12:14  Zealot x5  
  62  12:30  Probe x3  
  65  12:42  Probe  
  61  12:51  Zealot  
  61  12:52  Zealot x4  
  69  13:00  Gateway  
  67  13:08  Gateway  
  57  13:34  Cybernetics Core  
  57  13:43  Psionic Storm  
  61  13:50  Void Ray  
  61  13:57  High Templar x6  
  73  14:04  Archon x2  
  73  14:05  Archon  
  69  14:13  Zealot  
  30  15:41  Gateway  
  29  16:23  Twilight Council  
  29  16:25  Pylon  
  29  16:27  Pylon  
  29  16:31  Stargate  
  29  16:33  Stargate  
  29  16:51  High Templar x4  
  37  17:11  Zealot x3  
  43  17:16  Gateway  
  43  17:18  Gateway  
  43  17:25  Robotics Facility  
  43  18:31  Archon x2  
  43  18:44  Colossus  
  49  18:57  Pylon  
  49  19:01  Gateway  
  49  19:05  Gateway  
  49  19:23  Void Ray  
  57  19:26  Void Ray  
  57  20:06  Void Ray  
  61  20:33  Pylon  
  57  20:38  Pylon  
  57  20:44  Zealot x7  
  55  21:22  Photon Cannon  
  55  21:25  Photon Cannon  
  55  21:28  Photon Cannon  
  55  21:29  High Templar  
  55  21:30  High Templar x3  
  63  21:35  Nexus  
  63  21:38  Assimilator  
  63  21:40  Assimilator  
  63  22:06  Zealot  
  63  22:07  Zealot x6  
  77  22:23  Archon x2  
  77  22:53  Observer  
  78  22:59  Zealot x7  
  100  23:10  Void Ray x2  
  100  23:11  Observer  
  101  23:24  Zealot x6  
  117  23:54  Void Ray  
  117  26:20  Probe x2  
  131  26:28  Void Ray x3  
  131  26:37  Probe x3  
  134  26:49  Probe  
  44  29:08  Probe  
  45  29:21  Probe  
  44  29:33  Probe  
  45  29:45  Probe  
  46  29:57  Probe  
  47  30:09  Probe  
  48  30:21  Probe  
  49  30:33  Probe  
Tags
 
Add a new tag
Caveats
  • Supply blocks, unpowered buildings, or Contaminate may cause inaccurate times.
  • Supply counts are checked every 10 seconds.